 Dungeon Crawl Stone Soup version 0.23.2-40-g277498a001 (webtiles) character file.

Game seed: 4655112116685944671

58 Gildeon the Sneak (level 3, -7/18 HPs)
             Began as a Spriggan Assassin on Sept 20, 2019.
             Killed by nerve-wracking pain
             ... invoked by Jessica
              (12 damage)
             ... on level 2 of the Dungeon.
             The game lasted 00:08:37 (1970 turns).

Gildeon the Sneak (Spriggan Assassin)               Turns: 1970, Time: 00:08:39

Health: -7/18      AC:  3    Str:  7    XL:     3   Next: 76%
Magic:  12/13      EV: 19    Int: 12    God:
Gold:   63         SH:  0    Dex: 18    Spells: 2/2 levels left

rFire    . . .     SeeInvis +   b - +0 blowgun
rCold    . . .     Gourm    .   (shield restricted)
rNeg     . . .     Faith    .   c - +0 robe
rPois    .         Spirit   .   (helmet restricted)
rElec    .         Reflect  .   d - +0 cloak
rCorr    +         Harm     .   (gloves unavailable)
MR       .....                  (boots unavailable)
Stlth    ++++......             (no amulet)
HPRegen  0.06/turn              h - ring of resist corrosion
MPRegen  0.13/turn              r - ring of magical power

@: very quick
A: very small, unfitting armour, see invisible, herbivore, speed 3, slow
metabolism 2
a: no special abilities


You were on level 2 of the Dungeon.
You were not hungry.

You visited 1 branch of the dungeon, and saw 2 of its levels.

You collected 63 gold pieces.

Inventory:

Hand Weapons
 a - a +2 dagger
 b - a +0 blowgun (weapon)
Missiles
 e - 6 poisoned needles (quivered)
 f - 2 curare-tipped needles
Armour
 c - a +0 robe (worn)
 d - a +0 cloak (worn)
Jewellery
 h - a ring of resist corrosion (left hand)
 q - an uncursed ring of ice
 r - a ring of magical power (right hand)
Scrolls
 i - 2 scrolls of identify {unknown}
 j - 3 scrolls of remove curse {unknown}
 l - 2 scrolls of random uselessness {unknown}
 m - a scroll of noise {unknown}
 n - 3 scrolls of enchant weapon {unknown}
Potions
 k - 3 potions of curing {unknown}
 o - a potion of cancellation {unknown}
 p - a potion of brilliance {unknown}
Comestibles
 g - 3 rations


   Skills:
 - Level 1.5 Fighting
 + Level 3.2 Short Blades
 - Level 2.0 Throwing
 + Level 3.3 Dodging
 + Level 6.7 Stealth


You had 2 spell levels left.
You didn't know any spells.
Your spell library was empty.

Dungeon Overview and Level Annotations

Branches:
Dungeon (2/15)

Altars:

Annotations:
D:2 Jessica


Innate Abilities, Weirdness & Mutations

You are very small and have problems with some larger weapons.
You are too small for most types of armour.
You have supernaturally acute eyesight. (SInv)
You are a herbivore.
You cover ground extremely quickly.
You need to consume almost no food.


Message History

Jessica is severely wounded.
You closely miss Jessica.
Jessica is severely wounded.
Jessica gestures wildly while chanting.
Jessica blinks!
Jessica casts a spell.
Jessica seems to speed up.
Wield which item (- for none, * to show all)? (? for menu, Esc to quit)
b - a +0 blowgun (weapon)
You see here a rat corpse.
Firing (i - inventory. (/) - cycle)
e - 7 poisoned needles (quivered)
Press: ? - help, Shift-Dir - straight line, f - Jessica
Aim: Jessica, wielding a +0 club and wearing a +0 robe (severely wounded, fast)
You shoot a poisoned needle. The poisoned needle hits Jessica.
Jessica is poisoned.
Jessica is severely wounded.
Jessica gestures at you while chanting. Pain shoots through your body!
Ouch! That really hurt!
You die...

..################
.................#
..##############.#
.## #.# .# #.# )#
#.# .# #.# .# #.#
## #@# > #.# #
#######†## .
.........# #
.#########..#
......@..@..#
##########..# #..#
#..#


You could see Jessica.

Vanquished Creatures
  2 adders (D:2)
  A worm (D:2)
  A dart slug (D:2)
  A leopard gecko (D:2)
  A giant cockroach (D:1)
  5 goblins
  3 hobgoblins
  2 jackals (D:2)
  3 kobolds (D:1)
  A quokka (D:2)
  A ball python (D:2)
  3 bats
  5 frilled lizards
  7 rats
36 creatures vanquished.

Notes
Turn   | Place    | Note
-------+----------+-------------------------------------------
     0 | D:1      | Gildeon the Spriggan Assassin began the quest for the Orb.
     0 | D:1      | Reached XP level 1. HP: 10/10 MP: 2/2
   208 | D:1      | Reached skill level 6 in Stealth
   451 | D:1      | Reached XP level 2. HP: 12/14 MP: 3/3
  1441 | D:2      | Reached XP level 3. HP: 15/18 MP: 4/4
  1948 | D:2      | Noticed Jessica
  1970 | D:2      | Killed from afar by Jessica

Skill      XL: |  1  2  3 |
---------------+----------+-----
Stealth        | 6 |  6.7
Dodging        | 2 3 |  3.3
Short Blades   | 3 |  3.2
Fighting       | |  1.5
Throwing       | |  2.0

Action                   || total
-------------------------++-------
Melee: Dagger            ||   106
 Fire: Blowgun           ||    13
 Stab: Sleeping          ||    12
Armor: Robe              ||    15
Dodge: Dodged            ||    52
